Unix NetHack Version 5.0.0-0 post-release - last build Jul 19 2026 19:10:59 (3aa4ab31751d3886436d94b585a96704892fd477,branch:main).

Game began 2026-07-28 15:10:37, ended 2026-07-28 15:14:37.

LDaviesPeters, neutral female human Archeologist

                                            ---
                                            -...
                                             ....
                                              ....
                                               ....
                                               -....--
                                               |......
                                                -..%.G.        |
                                                |..G...G-    |.| ---
                                               --........----.G....|
                                               |h........)%.^..!.`
                                      -##G #####..........@)--   ..-
                                           -..............---
                                      -...............G...
                                      ------.........----.
                                          |........     |
                                          |.......
                                          ---.|.|
                                            ----
LDaviesPeters the Digger   St:10 Dx:12 Co:13 In:14 Wi:16 Ch:10  Neutral
Dlvl:3  $:0  HP:0(24) Pw:7(7) AC:8  Xp:2 T:437 

Latest messages:
 You lash the gnome lord.
 The gnome lord thrusts one of his daggers.
 The gnome lord hits!
 The gnome picks up a gem.
 Are you sure you want to pray? [yn] (n) y
 You begin praying to Camaxtli.
 You are surrounded by a shimmering light.
 Click!  The gnome triggers a rolling boulder trap.
 The boulder hits the gnome lord!
 The gnome lord is killed!
 The boulder hits the gnome.
 You finish your prayer.
 You feel that Camaxtli is pleased.
 You feel much better.
 Pick a monster, object or location.
 %        a piece of food (a gnome lord corpse)
 You kill the gnome!
 The gnome wields 5 daggers!
 The gnome throws a dagger!
 You are hit by a dagger.
 l - 5 daggers.
 m - a white potion.
 The gnome picks up 7 darts.
 A cloud of gas puts you to sleep!
 The gnome wields a crossbow!
 The gnome is almost hit by an arrow!
 The gnome picks up an arrow.
 The gnome shoots 2 crossbow bolts!
 You are hit by the 1st crossbow bolt.
 The 2nd crossbow bolt misses you.
 The gnome shoots 2 crossbow bolts!
 You are hit by the 1st crossbow bolt.
 The 2nd crossbow bolt misses you.
 The gnome wields a thonged club!
 The gnome secures the tether on the thonged club.
 The gnome shoots 2 crossbow bolts!
 You are hit by the 1st crossbow bolt.
 You are almost hit by the 2nd crossbow bolt.
 The gnome throws a thonged club!
 A thonged club misses you.
 The thonged club returns to the gnome's hand!
 The gnome shoots 2 crossbow bolts!
 You are hit by the 1st crossbow bolt!
 You are hit by the 2nd crossbow bolt.
 You dream that you hear crashing rock.
 The gnome shoots 2 crossbow bolts!
 You are hit by the 1st crossbow bolt.
 You are hit by the 2nd crossbow bolt!
 You die...
 Do you want your possessions identified? [ynq] (y) q

Inventory:
 Weapons  (')')
  l - 5 +0 daggers
  a - a +2 bullwhip (weapon in left hand)
 Armor    ('[')
  c - a blessed +0 fedora
  k - an uncursed +0 orcish helm (being worn)
  h - an uncursed +0 leather jacket (being worn)
 Comestibles  ('%')
  d - 3 uncursed food rations
 Potions  ('!')
  m - an uncursed potion of see invisible
 Wands    ('/')
  j - a cursed wand of slow monster (0:5)
 Tools    ('(')
  b - an uncursed sack containing 1 item
  i - a magic marker (0:20)
  p - a +0 pick-axe (alternate weapon; not wielded)
  f - a tinning kit (0:53)
 Gems/Stones  ('*')
  g - an uncursed touchstone

Contents of the sack:
  9 gold pieces

LDaviesPeters the Archeologist's attributes:

Background:
 You were a Digger, a level 2 female human Archeologist.
 You were neutral, on a mission for Camaxtli
 who was opposed by Quetzalcoatl (lawful) and Huhetotl (chaotic).
 You were left-handed.
 You were in the Gnomish Mines, on level 3.
 You entered the dungeon 437 turns ago.
 You had 28 experience points, 12 more were needed to attain level 3.

Basics:
 You had 0 out of 24 hit points.
 You had all 7 energy points (spell power).
 Your armor class was 8.
 Your wallet was empty, but
 you had 9 zorkmids stashed away in your pack.
 Autopickup was off.

Final Characteristics:
 Your strength was 10 (limit:18/100).
 Your dexterity was 12 (limit:18).
 Your constitution was 13 (limit:18).
 Your intelligence was 14 (limit:18).
 Your wisdom was 16 (limit:18).
 Your charisma was 10 (limit:18).

Final Status:
 You weren't hungry.
 You were unencumbered.
 You were wielding a whip.
 You had basic skill with whip.

Final Attributes:
 You were fervently aligned.
 You had automatic searching.
 You are dead.

Miscellaneous:
 You didn't encounter any bones levels.
 Total elapsed playing time was 3 minutes and 59 seconds.

Major events:
 Turn
    1: LDaviesPeters the neutral female human Archeologist entered the dungeon
  406: entered the Gnomish Mines
  437: killed by a crossbow bolt, while sleeping

You didn't know any spells.

Skills:
 Fighting Skills
   bare handed combat [Unskilled]
   two weapon combat  [Unskilled]
   riding             [Unskilled]
 Weapon Skills
   dagger             [Unskilled]
   knife              [Unskilled]
   pick-axe           [Basic]
   short sword        [Unskilled]
   saber              [Unskilled]
   club               [Unskilled]
   quarterstaff       [Unskilled]
   sling              [Unskilled]
   dart               [Unskilled]
   boomerang          [Unskilled]
   whip               [Basic]
   unicorn horn       [Unskilled]
 Spellcasting Skills
   attack spells      [Unskilled]
   healing spells     [Unskilled]
   divination spells  [Unskilled]
   matter spells      [Unskilled]

Voluntary challenges:
 Character rerolling was not enabled.
 You never genocided any monsters.
 You never polymorphed an object.
 You never changed form.
 You used no wishes.
Achievement:
 You entered the Gnomish Mines.

 The Dungeons of Doom: levels 1 to 2
    Level 1:
       Many fountains.
    Level 2:
       Some fountains.
       Stairs down to The Gnomish Mines.
 The Gnomish Mines:
    Level 3: <- You were here.
       Final resting place for
          you, killed by a crossbow bolt, while sleeping.


Vanquished creatures:
  a gnome leader
  a gnome
  2 jackals
  a fox
  a kobold
  a goblin
  3 newts
10 creatures vanquished.

No species were genocided or became extinct.

Game over:
                       ----------
                      /          \
                     /    REST    \
                    /      IN      \
                   /     PEACE      \
                  /                  \
                  |  LDaviesPeters   |
                  |       9 Au       |
                  |   killed by a    |
                  |  crossbow bolt   |
                  |                  |
                  |                  |
                  |       2026       |
                 *|     *  *  *      | *
        _________)/\\_//(\/(/\)/\//\/|_)_______

Goodbye LDaviesPeters the Archeologist...

You died in The Gnomish Mines on dungeon level 3 with 221 points,
and 9 pieces of gold, after 437 moves.
You were level 2 with a maximum of 24 hit points when you died.

